Map: Frost LE

Players

BsmntNtv

  • Race: Protoss Protoss
  • League: Master

Miszu - Winner!

  • Race: Terran Terran
  • League: Master

VOD

Have the link to the VOD?

Description

Time

  • Played on: July 6, 2016, 7:41 p.m.
  • Length: 7:34
Show
View Real Time Build Order
Export as new Build Order

BsmntNtv Protoss 

Build Orders: Nexus First 

Get SALT Encoding   

  12  0:01  Probe (Chrono Boost)  
  13  0:11  Probe (Chrono Boost)  
  14  0:18  Pylon  
  14  0:22  Probe (Chrono Boost)  
  15  0:36  Probe (Chrono Boost)  
  16  0:47  Probe (Chrono Boost)  
  17  0:58  Nexus  
  17  1:08  Gateway  
  17  1:12  Probe (Chrono Boost)  
  17  1:17  Assimilator  
  18  1:22  Probe (Chrono Boost)  
  19  1:26  Assimilator  
  19  1:33  Probe (Chrono Boost)  
  20  1:43  Probe (Chrono Boost)  
  21  1:54  Probe (Chrono Boost)  
  22  1:56  Cybernetics Core  
  22  2:00  Pylon  
  22  2:04  Probe (Chrono Boost)  
  23  2:11  Probe (Chrono Boost)  
  23  2:15  Probe (Chrono Boost)  
  24  2:21  Probe (Chrono Boost)  
  25  2:25  Warp Gate, Probe (Chrono Boost)  
  26  2:32  Probe (Chrono Boost)  
  26  2:36  Stalker, Mothership Core (Chrono Boost)  
  31  2:42  Probe (Chrono Boost)  
  32  2:53  Probe (Chrono Boost)  
  32  2:55  Probe (Chrono Boost)  
  34  3:00  Pylon  
  34  3:03  Probe (Chrono Boost)  
  34  3:05  Probe (Chrono Boost)  
  36  3:07  Gateway  
  36  3:14  Probe (Chrono Boost)  
  36  3:15  Twilight Council  
  36  3:16  Probe (Chrono Boost)  
  38  3:20  Stalker (Chrono Boost)  
  38  3:24  Probe (Chrono Boost)  
  41  3:27  Probe  
  42  3:36  Probe  
  42  3:39  Pylon, Probe  
  44  3:47  Stalker (Chrono Boost)  
  46  3:48  Probe  
  46  3:51  Pylon  
  49  4:02  Stalker (Chrono Boost)  
  49  4:06  Blink (Chrono Boost)  
  49  4:08  Gateway  
  34  4:39  Probe  
  34  4:42  Stalker  
  34  4:43  Probe  
  34  4:44  Stalker  
  36  4:46  Stalker  
  36  4:47  Stalker  
  36  4:51  Probe  
  41  4:55  Probe  
  35  5:09  Stalker x2  
  32  5:24  Stalker  
  32  5:25  Probe x2  
  36  5:32  Gateway  
  36  5:33  Gateway  
  36  5:35  Stalker x2  
  40  5:36  Gateway  
  40  5:38  Pylon  
  40  5:40  Pylon  
  38  5:49  Stalker  
  36  5:51  Pylon  
  36  5:57  Stalker  
  36  6:00  Stalker  
  31  6:25  Stalker x3  
  27  6:47  Stalker x2  
  29  7:03  Stalker  
  29  7:10  Stalker  
Show
View Real Time Build Order
Export as new Build Order

Miszu Terran - Winner!

Build Orders: 1/1/1, Liberator Opening 

Get SALT Encoding   

  12  0:00  SCV  
  13  0:13  SCV  
  14  0:17  Supply Depot  
  14  0:25  SCV  
  15  0:39  SCV  
  15  0:40  Barracks  
  16  0:44  Refinery  
  16  0:51  SCV  
  16  0:56  Refinery  
  17  1:03  SCV  
  18  1:15  SCV  
  19  1:28  Orbital Command  
  19  1:29  Marine  
  20  1:37  Factory  
  20  1:46  Supply Depot  
  20  1:55  Barracks Reactor  
  20  1:58  SCV  
  21  2:10  SCV  
  22  2:21  Starport, Factory Tech Lab  
  22  2:22  SCV  
  23  2:31  Marine x2  
  23  2:35  Supply Depot  
  23  2:36  SCV  
  26  2:46  Siege Tank  
  26  2:49  Marine  
  26  2:51  Marine  
  31  3:01  Medivac  
  31  3:04  Supply Depot  
  33  3:09  Marine  
  33  3:10  Marine  
  35  3:22  Cyclone  
  39  3:27  Marine, Liberator  
  39  3:28  Marine  
  41  3:34  Supply Depot  
  41  3:39  SCV  
  44  3:48  Marine  
  46  3:50  Marine  
  47  4:05  Marine, Siege Tank  
  47  4:08  Marine  
  51  4:19  Liberator  
  51  4:20  Bunker  
  45  4:34  Marine  
  45  4:35  Marine  
  50  4:49  Bunker  
  50  5:02  Liberator  
  45  5:13  Marine x2  
  46  5:16  Siege Tank  
  53  5:28  SCV  
  53  5:30  Marine  
  53  5:31  Supply Depot, Marine  
  55  5:58  Liberator  
  55  5:59  Marine x2, Siege Tank  
  60  6:16  Marine  
  60  6:17  Marine  
  60  6:34  Marine x2  
  55  6:52  Marine x2  
  58  7:10  Marine x2  
Tags
 
Add a new tag
Caveats
  • Supply blocks, unpowered buildings, or Contaminate may cause inaccurate times.
  • Supply counts are checked every 10 seconds.